 Dungeon Crawl Stone Soup version 0.27-a0-1135-g81dfa19a63 (webtiles) character file.

Game seed: 17652089055451400120

4076 DogServant the Destroyer (level 10, 56/56 HPs)
             Began as a Tengu Conjurer on May 4, 2021.
             Quit the game on level 7 of the Dungeon.
             The game lasted 00:22:12 (8885 turns).

DogServant the Destroyer (Tengu Conjurer)           Turns: 8885, Time: 00:22:12

Health: 56/56      AC:  6    Str: 10    XL:     10   Next: 25%
Magic:  20/20      EV: 15    Int: 20    God:
Gold:   375        SH:  5    Dex: 12    Spells: 7/21 levels left

rFire    . . .     SeeInvis +   K - +7 falchion of Quantum Leap {elec, rC+}
rCold    + . .     Faith    .   (no shield)
rNeg     . . .     Spirit   .   B - +0 leather armour
rPois    .         Reflect  +   (helmet restricted)
rElec    .         Harm     .   r - +1 cloak
rCorr    .         Rampage  .   L - +0 pair of gloves
Will     .....                  (boots unavailable)
Stlth    ++........             b - amulet of reflection
HPRegen  0.18/turn              e - ring of see invisible
MPRegen  0.17/turn              (no ring)

@: flying quickly and evasively, quick
A: beak, talons 3, nimble flight
a: no special abilities


You were on level 7 of the Dungeon.
You visited 1 branch of the dungeon, and saw 7 of its levels.
You also visited: Sewer.

You collected 375 gold pieces.

Inventory:

Hand Weapons
 d - a +3 whip of draining
 g - a +0 falchion
 v - the +6 falchion of Giesk {flame, rN++ Str-2 SInv}
   (You found it on level 7 of the Dungeon)

   It has been specially enchanted to burn those struck by it, causing extra
   injury to most foes and up to half again as much damage against particularly
   susceptible opponents.
   Big, fiery blades are also staple armaments of hydra-hunters.
   It affects your strength (-2).
   It greatly protects you from negative energy.
   It lets you see invisible.
 G - the +7 great mace "Veqyepue" {elec, Str+2 Dex+5}
   (You found it on level 6 of the Dungeon)

   Occasionally, upon striking a foe, it can discharge electrical energy and
   cause terrible harm.
   It affects your strength (+2).
   It affects your dexterity (+5).
 I - a +0 scimitar
 K - the +7 falchion of Quantum Leap (weapon) {elec, rC+}
   (You found it on level 6 of the Dungeon)

   Occasionally, upon striking a foe, it can discharge electrical energy and
   cause terrible harm.
   It protects you from cold.
Missiles
 q - 66 poisoned darts
 u - a throwing net
Armour
 a - a +0 robe
 r - a +1 cloak (worn)
 B - a +0 leather armour (worn)
 C - a scarf of resistance
 L - a +0 pair of gloves (worn)
Magical Staves
 E - a staff of fire
Jewellery
 b - an amulet of reflection (around neck)
 e - a ring of see invisible (left hand)
 j - a ring of wizardry
Wands
 t - a wand of mindburst (17)
 D - a wand of iceblast (11)
 H - a wand of polymorph (8)
Scrolls
 c - 3 scrolls of enchant armour
 h - a scroll of blinking
 m - 2 scrolls of vulnerability
 o - 3 scrolls of teleportation
 p - 4 scrolls of magic mapping
 y - a scroll of enchant weapon
 A - a scroll of fog
Potions
 f - a potion of heal wounds
 i - a potion of resistance {unknown}
 k - 3 potions of haste {unknown}
 l - 2 potions of invisibility
 n - a potion of experience {unknown}
 s - 3 potions of curing {unknown}
 w - 2 potions of brilliance {unknown}
 x - 2 potions of magic {unknown}
 z - 2 potions of flight {unknown}
 F - a potion of attraction {unknown}


   Skills:
 + Level 4.0 Fighting
 + Level 0.0 Long Blades
 + Level 1.1 Armour
 + Level 5.0 Dodging
 - Level 3.0 Stealth
 + Level 6.1 Spellcasting
 - Level 11.0 Conjurations
 - Level 3.0 Hexes
 - Level 6.2 Summonings
 - Level 6.7 Air Magic


You had 7 spell levels left.
You knew the following spells:

 Your Spells              Type           Power      Damage    Failure   Level
a - Magic Dart            Conj           100%       1d8       1%          1
b - Searing Ray           Conj           100%       3d7       1%          2
c - Dazzling Flash        Conj/Hex       68%        N/A       2%          3
d - Fulminant Prism       Conj/Hex       17%        3d11      8%          4
e - Summon Lightning Spi  Summ/Air       32%        N/A       10%         4

Your spell library contained the following spells:

 Spells                   Type           Power      Damage    Failure   Level
 Summon Small Mammal      Summ           100%       N/A       1%          1
 Call Imp                 Summ           30%        N/A       1%          2
 Call Canine Familiar     Summ           30%        N/A       3%          3
 Corona                   Hex            20%        N/A       4%          1
 Summon Guardian Golem    Hex/Summ       24%        N/A       6%          3
 Ensorcelled Hibernation  Hex/Ice        24%        N/A       12%         2
 Confusing Touch          Hex            18%        N/A       12%         3
 Tukima's Dance           Hex            18%        N/A       12%         3
 Iskenderun's Mystic Bla  Conj/Tloc      28%        2d7       14%         4
 Summon Ice Beast         Ice/Summ       18%        N/A       36%         4
 Ozocubu's Armour         Ice            6%         N/A       38%         3
 Bolt of Magma            Conj/Fire/Erth 10%        4d7       65%         5
 Simulacrum               Ice/Necr       3%         N/A       100%        6


Dungeon Overview and Level Annotations

Branches:
Dungeon (7/15)             Temple (0/1) D:5           Sewer (visited)

Altars:
Trog
Xom

Annotations:
D:7 Maggie


Innate Abilities, Weirdness & Mutations

You have a beak for a mouth.
You have claws for feet.
Your magical nature lets you fly swiftly and evasively.


Message History

* * * LOW HITPOINT WARNING * * *
You hit Pikel. Lightning courses through Pikel!!
You kill Pikel!
With Pikel's spell broken, his former minions thank you for their freedom.
The lemure departs this earthly plane. x4
Your Spellcasting skill increases to level 6!
Your Summonings skill increases to level 6!
Things that are here:
a +1 whip of flaming; a +0 robe; the kobold corpse of Pikel You start resting.
Magic restored.
You start resting.
An ice beast comes into view.
An ice beast is nearby!
You are too injured to fight recklessly!
You are too injured to fight recklessly!
Casting: Dazzling Flash (dangerous; 2% risk of failure)
Confirm with . or Enter, or press ? or * to list all spells.
Aiming: Searing Ray (safe; 1% risk of failure)
Press: ? - help, Shift-Dir - straight line, f - ice beast
Aim: an ice beast (83% to hit)
The searing ray hits the ice beast!
The ice beast is heavily wounded. (Press . to maintain the ray.)
The searing ray hits the ice beast!
You kill the ice beast!
Magic restored.
Key pressed, stopping explore.
HP restored.
Things that are here:
a +0 robe; a +0 dagger
Things that are here:
a +0 giant club; a +0 giant club; a two-headed ogre skeleton
Things that are here:
a +0 robe; a +0 flail
Things that are here:
a +0 giant club; a +0 giant club Maggie the Vainglorious comes into view.
She is wielding a +2 broad axe of distortion.
Found 13 stones.
Are you sure you want to abandon this character and quit the game? (Confirm with "yes".)

#....<####
#........## (...###
#.........# .......
#.........# .......
#.........# ......@
..........##
##......
.......[...#
##....#
..###......####...#
## #.......#...@#
##...........##
##...........##
##....##[....##
##...####..)..#
#...## #.....# ..
<..## ##.....## #^#
..## ##.......##
#..# ..#
##....#....###...#


You could see Maggie (wandering).

Vanquished Creatures
  A two-headed ogre (D:7)
  Pikel (D:7)
  A shadow (D:7)
  Menkaure (D:6)
  Purgy (Sewer)
  3 ice beasts (D:7)
  3 sky beasts
  Duvessa (D:7)
  4 ogres
  A necrophage (D:5)
  2 centaurs (D:5)
  A phantom (D:5)
  A scorpion (D:6)
  A bullfrog (D:6)
  Dowan (D:7)
  7 wights
  A centaur zombie (D:5)
  A jelly (D:3)
  A centaur skeleton (D:7)
  An orc priest (D:7)
  2 gnoll shamans
  3 hounds
  3 iguanas
  5 orc wizards
  A hound skeleton (D:5)
  A howler monkey skeleton (D:7)
  9 adders
  9 gnolls
  A shadow imp (D:5)
  A white imp (D:5)
  2 ufetubi
  4 worms
  An adder zombie (D:5)
  A dart slug (D:4)
  7 orcs
  9 ball pythons
  6 bats
  12 endoplasms
  3 giant cockroaches
  8 goblins
  9 hobgoblins
  20 jackals
  A quokka (D:1)
  4 frilled lizards
  6 kobolds
  12 rats
  2 fulminant prisms
176 creatures vanquished.

Vanquished Creatures (others)
  13 fulminant prisms
13 creatures vanquished.

Grand Total: 189 creatures vanquished

Notes
Turn   | Place    | Note
-------+----------+-------------------------------------------
     0 | D:1      | DogServant the Tengu Conjurer began the quest for the Orb.
     0 | D:1      | Reached XP level 1. HP: 10/10 MP: 4/4
   223 | D:1      | Reached skill level 1 in Fighting
   223 | D:1      | Reached XP level 2. HP: 16/16 MP: 3/6
   555 | D:1      | Learned a level 2 spell: Searing Ray
   719 | D:1      | Reached XP level 3. HP: 20/20 MP: 4/7
  1400 | D:2      | Reached skill level 6 in Conjurations
  1681 | D:2      | Reached XP level 4. HP: 25/25 MP: 3/9
  1685 | D:2      | Learned a level 3 spell: Dazzling Flash
  1935 | D:2      | Gained mutation: Your magical nature lets you fly swiftly
                  | and evasively. [Tengu growth]
  1935 | D:2      | Reached XP level 5. HP: 17/29 MP: 5/10
  2226 | D:2      | Learned a level 4 spell: Fulminant Prism
  2897 | D:3      | Noticed a moth of wrath
  2900 | D:3      | Found a bloodstained altar of Trog.
  3473 | D:3      | Reached skill level 1 in Hexes
  3607 | D:4      | Noticed an ogre
  3611 | D:4      | Killed an ogre
  3612 | D:4      | Reached XP level 6. HP: 36/36 MP: 4/11
  4161 | D:4      | Reached skill level 1 in Armour
  4410 | D:4      | Identified the Reference Book on Clay and the Glacier
  4547 | D:5      | Entered Level 5 of the Dungeon
  4547 | D:5      | Found a staircase to the Ecumenical Temple.
  4560 | D:5      | Found a glowing drain.
  4576 | D:5      | Reached XP level 7. HP: 25/41 MP: 6/12
  4596 | Sewer    | Entered a sewer
  4710 | Sewer    | Noticed Purgy
  4724 | Sewer    | Killed Purgy
  4725 | Sewer    | Reached skill level 7 in Conjurations
  5398 | D:5      | Reached skill level 8 in Conjurations
  5472 | D:5      | Reached XP level 8. HP: 45/46 MP: 9/15
  5585 | D:5      | Reached skill level 9 in Conjurations
  5948 | D:5      | Found a shimmering altar of Xom.
  6261 | D:5      | Reached skill level 10 in Conjurations
  6730 | D:6      | Noticed Menkaure
  6733 | D:6      | Killed Menkaure
  6734 | D:6      | Reached skill level 11 in Conjurations
  6803 | D:6      | Identified the +7 great mace "Veqyepue" {elec, Str+2 Dex+5}
  7008 | D:6      | Learned a level 4 spell: Summon Lightning Spire
  7031 | D:6      | Identified the +7 falchion of Quantum Leap {elec, rC+}
  7042 | D:6      | Reached skill level 1 in Air Magic
  7042 | D:6      | Reached XP level 9. HP: 52/52 MP: 10/16
  7093 | D:6      | Reached skill level 1 in Summonings
  7494 | D:7      | Noticed Duvessa
  7498 | D:7      | Killed Dowan
  7626 | D:7      | Noticed a gargoyle
  7881 | D:7      | Reached skill level 5 in Dodging
  7957 | D:7      | Identified the +6 falchion of Giesk {flame, rN++ Str-2
                  | SInv}
  7973 | D:7      | Killed Duvessa
  8321 | D:7      | Noticed a two-headed ogre
  8432 | D:7      | Killed a two-headed ogre
  8433 | D:7      | Reached skill level 5 in Spellcasting
  8433 | D:7      | Reached skill level 5 in Summonings
  8433 | D:7      | Reached skill level 5 in Air Magic
  8433 | D:7      | Reached XP level 10. HP: 56/56 MP: 0/19
  8532 | D:7      | Noticed Pikel
  8584 | D:7      | Killed Pikel
  8884 | D:7      | Noticed Maggie
  8885 | D:7      | Quit the game

Illustrated notes

Levels and vault maps discovered:
D:1:      wheals_arrival_linesprint, layout_basic
D:2:      layout_basic, minmay_close_crescents
D:3:      layout_basic, tgw_trog
D:4:      layout_basic
D:5:      layout_loops_cross, kennysheep_mini_moat,
          minmay_temple_entry_large_hall, portal_sewer_entry_a,
          skrybe_limestone_x, minmay_a_box_with_orc_wizards_in_it
D:6:      layout_rooms, minmay_misc_feat_enclosed, uniq_menkaure
D:7:      layout_layer_cave, minmay_chambers_of_fives, uniq_duvessa,
          uniq_maggie, uniq_pikel

Skill      XL: |  1  2  3  4  5  6  7  8  9 10 |
---------------+-------------------------------+-----
Fighting       | 1 2 3 4 |  4.0
Conjurations   | 6 8 11 | 11.0
Dodging        | 3 4 5 |  5.0
Spellcasting   | 3 4 5 6 |  6.1
Stealth        | 3 |  3.0
Hexes          | 1 2 3 |  3.0
Armour         | 1 |  1.1
Air Magic      | 1 5 6 |  6.7
Summonings     | 5 6 |  6.2

Action                   |  1- 3 |  4- 6 |  7- 9 | 10-12 || total
-------------------------+-------+-------+-------+-------++-------
Melee: Unarmed           |     4 |       |       |       ||     4
       Peck              |     2 |     6 |     4 |     2 ||    14
       Whip              |    15 |    91 |     8 |       ||   114
       Kick              |     5 |    17 |     7 |     3 ||    32
       Falchion          |       |       |    19 |    20 ||    39
 Cast: Magic Dart        |    37 |     7 |     3 |       ||    47
       Searing Ray       |     8 |    20 |    55 |     1 ||    84
       Dazzling Flash    |       |     1 |     1 |     2 ||     4
       Fulminant Prism   |       |       |    15 |     1 ||    16
  Use: Scroll            |       |     8 |     4 |       ||    12
 Stab: Sleeping          |     1 |     6 |       |       ||     7
Armor: Robe              |     1 |    13 |     9 |       ||    23
       Leather armour    |       |       |     7 |     3 ||    10
Dodge: Dodged            |    14 |    71 |    32 |    18 ||   135
Block: Other             |     1 |    29 |    14 |     9 ||    53
       Reflection        |       |       |     1 |       ||     1
       Rpst.: Falchion   |       |       |     5 |     8 ||    13

Table legend: (Time is in decaauts)
 A = Elapsed time spent in this place.
 B = Non-inter-level travel time spent in this place.
 C = Inter-level travel time spent in this place.
 D = Time resting spent in this place.
 E = Time spent auto-exploring this place.
 F = Levels seen in this place.
 G = Mean time per level.
                   A        B        C        D        E       F      G
               +--------+--------+--------+--------+--------+-----+--------+
         Total |   8549 |   8292 |    257 |    767 |   6239 |   8 | 1068.6 |
       Dungeon |   8046 |   7789 |    257 |    681 |   5896 |   7 | 1149.4 |
         Sewer |    503 |    503 |      0 |     86 |    343 |   1 |  503.0 |
               +--------+--------+--------+--------+--------+-----+--------+

Top non-repeatable levels by time:
     D:5: 1755 daAuts
     D:1: 1272 daAuts
     D:2: 1169 daAuts
     D:3: 1056 daAuts
     D:7: 974 daAuts
     D:6: 934 daAuts
     D:4: 883 daAuts
   Sewer: 503 daAuts
